 Dungeon Crawl Stone Soup version 0.31.0-11-ge490571c62 (webtiles) character file.

Game seed: 15396481006796826795

319 ChrisTheSkald the Charlatan (level 6, -4/44 HPs)
             Began as a Human Artificer on Jan 30, 2024.
             Killed by divine providence
             ... invoked by an orc priest
              (12 damage)
             ... on level 4 of the Dungeon.
             The game lasted 00:09:07 (1544 turns).

ChrisTheSkald the Charlatan (Human Artificer)       Turns: 1544, Time: 00:09:09

Health: -4/44      AC:  5    Str: 12    XL:     6   Next: 45%
Magic:  6/6        EV: 16    Int: 13    God:
Gold:   61         SH:  0    Dex: 14    Spells: 5/5 levels left

rFire   . . .        k - +0 sling (flame)
rCold   + . .        (no shield)
rNeg    . . .        b - +0 leather armour
rPois   .            (no helmet)
rElec   .            (no cloak)
rCorr   .            t - +1 pair of gloves
SInv    .            (no boots)
Will    .....        n - amulet of faith
Stlth   ++           l - ring of protection from cold
HPRegen 0.27/turn    m - +5 ring of evasion
MPRegen 0.10/turn

%: faith
@: no status effects
A: explore regen
a: no special abilities


You were on level 4 of the Dungeon.
You visited 1 branch of the dungeon, and saw 4 of its levels.

You collected 191 gold pieces.
You spent 130 gold pieces at shops.

Inventory:

Hand Weapons
 a - a +0 club
 g - a +1 dagger
 k - a +0 sling of flaming (weapon)
Missiles
 i - 5 poisoned darts
Armour
 b - a +0 leather armour (worn)
 t - a +1 pair of gloves (worn)
Jewellery
 e - a ring of resist corrosion
 h - an amulet of the acrobat
 l - a ring of protection from cold (left hand)
 m - a +5 ring of evasion (right hand)
 n - an amulet of faith (around neck)
Talismans
 j - a talisman of death
Wands
 c - a wand of flame (9)
 d - a wand of charming (10)
Scrolls
 p - a scroll of fog
 q - a scroll of butterflies
 r - a scroll of teleportation
 s - a scroll of vulnerability
 u - a scroll of noise
Potions
 f - 2 potions of haste
 o - 2 potions of curing


   Skills:
 * Level 2.1 Fighting
 * Level 1.5 Short Blades
 + Level 0.3 Maces & Flails
 * Level 1.3 Ranged Weapons
 * Level 1.4 Throwing
 * Level 2.7 Armour
 * Level 1.7 Dodging
 * Level 2.2 Stealth
 * Level 4.5 Evocations
 * Level 1.2 Shapeshifting


You had 5 spell levels left.
You didn't know any spells.
Your spell library was empty.

Dungeon Overview and Level Annotations

Branches:
Dungeon (4/15)
 Temple: D:4-7

Altars:
Fedhas
Gozag
Zin

Shops:
D:3 ?


Innate Abilities, Weirdness & Mutations

You regain HP and MP as you explore.


Message History

You kill the orc!
The orc completely misses you. The orc closely misses you.
You shoot a sling bullet. The sling bullet hits the orc.
The sling bullet burns the orc.
The orc is moderately wounded.
The orc priest mumbles some strange prayers to Beogh against you.
Beogh smites you! The orc misses you.
You shoot a sling bullet.
The sling bullet closely misses the orc.
The orc closely misses you.
An endoplasm comes into view.
You shoot a sling bullet.
The sling bullet closely misses the orc.
The sling bullet hits the orc priest.
The sling bullet burns the orc priest.
The orc priest is lightly wounded.
The orc hits you with a +0 short sword. x2
The orc priest calls down the wrath of Beogh upon you.
Beogh smites you!
* * * LOW HITPOINT WARNING * * *
Okay, then.
Aiming: Charm
Press: ? - help, Shift-Dir - straight line, p - orc
Okay, then.
Aiming: Charm
Press: ? - help, Shift-Dir - straight line, f/p - orc
Aim: an orc, wielding a +0 short sword, wearing a +0 leather armour and quivering boomerangs (lightly wounded, chance to affect: 76%)
The orc barely resists.
The orc completely misses you.
Aiming: Charm
Press: ? - help, Shift-Dir - straight line, f/p - orc
Aim: an orc, wielding a +0 short sword, wearing a +0 leather armour and quivering boomerangs (lightly wounded, chance to affect: 76%)
The orc barely resists.
The endoplasm jiggles.
The orc misses you.
Aiming: Charm
Press: ? - help, Shift-Dir - straight line, f/p - orc
Aim: an orc, wielding a +0 short sword, wearing a +0 leather armour and quivering boomerangs (lightly wounded, chance to affect: 76%)
The orc is charmed.
The orc priest mumbles some strange prayers to Beogh against you.
Beogh smites you!
You die...

....... .#
.....##.
#.#......
#.#.....# #.
..J.. #. ... #.
#.# #. #@#
..##.#.###o######
...o..oo..o.....#
.###.#.###......#
#.......#....###.
###.###..........
#. ##.....### ..
##....#
######.....##


You could see an orc priest, an endoplasm and a friendly orc (charmed).

Vanquished Creatures
  Sigmund (D:2)
  A sleepcap (D:4)
  An orc wizard (D:4)
  4 adders
  A dart slug (D:3)
  A ribbon worm (D:3)
  6 orcs (D:4)
  2 endoplasms
  4 goblins
  7 hobgoblins
  3 jackals (D:3)
  3 quokkas
  5 ball pythons
  12 bats
  2 frilled lizards
  5 kobolds
58 creatures vanquished.

Vanquished Creatures (others)
  An adder (D:4)
1 creature vanquished.

Grand Total: 59 creatures vanquished

Notes
Turn   | Place    | Note
-------+----------+-------------------------------------------
     0 | D:1      | ChrisTheSkald the Human Artificer began the quest for the
                  | Orb.
     0 | D:1      | Reached XP level 1. HP: 15/15 MP: 1/1
   275 | D:2      | Found a glowing silver altar of Zin.
   336 | D:2      | Reached XP level 2. HP: 21/21 MP: 2/2
   591 | D:2      | Reached XP level 3. HP: 26/26 MP: 3/3
   592 | D:2      | Noticed Sigmund
   602 | D:2      | Killed Sigmund
   603 | D:2      | Reached skill level 1 in Short Blades
   603 | D:2      | Reached skill level 1 in Throwing
   603 | D:2      | Reached skill level 4 in Evocations
   603 | D:2      | Reached skill level 1 in Shapeshifting
   603 | D:2      | Reached XP level 4. HP: 33/33 MP: 4/4
   603 | D:2      | Reached XP level 5. HP: 38/38 MP: 5/5
   994 | D:3      | Found a blossoming altar of Fedhas.
  1011 | D:3      | Found Pidyck's Magic Scroll Shop.
  1021 | D:3      | Bought a scroll of identify for 26 gold pieces
  1021 | D:3      | Bought a scroll of butterflies for 52 gold pieces
  1021 | D:3      | Bought a scroll of identify for 26 gold pieces
  1021 | D:3      | Bought a scroll of identify for 26 gold pieces
  1060 | D:3      | Reached XP level 6. HP: 44/44 MP: 6/6
  1294 | D:4      | Found an opulent altar of Gozag.
  1302 | D:4      | Reached skill level 1 in Ranged Weapons
  1544 | D:4      | Killed from afar by an orc priest

Illustrated notes

Levels and vault maps discovered:
D:1:      lemuel_arrival_broad_hall, layout_rooms,
          nicolae_kite_square_tiling_tiny
D:2:      layout_rooms, basic_altar, uniq_sigmund
D:3:      cheibrodos_thug_alley, layout_loops_ring, fedhas_ov_isle_minmay,
          serial_shops, shop, reono_crystal_passage, roderic_batcave
D:4:      layout_loops_ring, old_standard_altar, nrook_campfire

Skill      XL: |  1  2  3  4  5  6 |
---------------+-------------------+-----
Short Blades   | 1 |  1.5
Throwing       | 1 |  1.4
Evocations     | 4 |  4.5
Shapeshifting  | 1 |  1.2
Stealth        | 2 |  2.2
Fighting       | 2 |  2.1
Ranged Weapons | 1 |  1.3
Maces & Flails | |  0.3
Armour         | |  2.7
Dodging        | |  1.7

Action                     |  1- 3 |  4- 6 || total
---------------------------+-------+-------++-------
  Melee: Dagger            |    46 |     4 ||    50
         Club              |    10 |       ||    10
   Fire: Sling             |       |   140 ||   140
  Throw: Dart              |    10 |       ||    10
  Evoke: Wand              |     7 |     9 ||    16
    Use: Scroll            |     3 |     7 ||    10
 Armour: Leather armour    |    26 |    67 ||    93
  Dodge: Dodged            |    33 |   141 ||   174
         Form:             |     1 |       ||     1
         Death             |     1 |       ||     1
